 Dungeon Crawl Stone Soup version 0.23.2-1-ga50397a6bc (webtiles) character file.

Game seed: 4108875231242261677

1579 Foic the Skirmisher (level 9, -1/73 HPs)
             Began as a Formicid Abyssal Knight on May 15, 2019.
             Was a Believer of Lugonu.
             Slain by an orc warrior
             ... wielding a +0 hand axe
              (12 damage)
             ... on level 5 of the Dungeon.
             The game lasted 00:20:02 (7102 turns).

Foic the Skirmisher (Formicid Abyssal Knight)       Turns: 7102, Time: 00:20:02

Health: -1/73      AC: 10    Str: 20    XL:     9   Next: 14%
Magic:  9/10       EV:  8    Int: 11    God:    Lugonu [**....]
Gold:   305        SH:  0    Dex: 11    Spells: 8/8 levels left

rFire    . . .     SeeInvis +   a - +1 hand axe
rCold    . . .     Gourm    .   (no shield)
rNeg     + . .     Faith    .   n - +0 chain mail
rPois    .         Spirit   .   (helmet unavailable)
rElec    .         Reflect  .   (no cloak)
rCorr    .         Harm     .   (no gloves)
MR       .....                  (no boots)
Stlth    ..........             (no amulet)
HPRegen  0.22/turn              p - ring of positive energy
MPRegen  0.12/turn              (no ring)

@: no status effects
A: permanent stasis, dig shafts and tunnels, four strong arms, antennae 3
a: Dig, Shaft Self, Depart the Abyss, Bend Space, Renounce Religion


You were on level 5 of the Dungeon.
You worshipped Lugonu.
Lugonu was pleased with you.
You were not hungry.

You visited 2 branches of the dungeon, and saw 7 of its levels.
You visited the Abyss 1 time.

You collected 305 gold pieces.

Inventory:

Hand Weapons
 a - a +1 hand axe (weapon)
 b - a +0 hunting sling
Missiles
 f - 7 tomahawks (quivered)
 g - 239 stones
 r - 7 javelins
Armour
 e - a +1 scale mail
 n - a +0 chain mail (worn)
Jewellery
 p - a ring of positive energy (left hand)
Scrolls
 h - 2 scrolls of enchant armour
 j - a scroll of amnesia {unknown}
 k - a scroll of enchant weapon {unknown}
 m - 2 scrolls of magic mapping {unknown}
 o - 2 scrolls of remove curse {unknown}
 u - 2 scrolls of identify
Potions
 d - a potion of lignification
 i - 2 potions of might
 l - a potion of cancellation
 q - a potion of agility {unknown}
 s - a potion of flight {unknown}
Comestibles
 c - 8 rations


   Skills:
 * Level 7.7 Fighting
 + Level 6.9 Axes
 + Level 1.0 Slings
 + Level 5.6 Armour
 + Level 2.4 Dodging
 + Level 0.6 Stealth
 + Level 2.5 Invocations


You had 8 spell levels left.
You didn't know any spells.
Your spell library was empty.

Dungeon Overview and Level Annotations

Branches:
Dungeon (6/15)             Temple (1/1) D:4

Altars:
Cheibriados
Dithmenos
Elyvilon
Fedhas
Gozag
Hepliaklqana
Makhleb
Okawaru
Qazlal
Trog
Uskayaw
Vehumet
Wu Jian
Xom
Yredelemnul
Zin
The Shining One

Shops:
D:5 (


Innate Abilities, Weirdness & Mutations

You cannot be hasted, slowed, berserked, paralysed or teleported.
You can dig through walls and to a lower floor.
Your four strong arms can wield two-handed weapons with a shield.
You have a pair of large antennae on your head. (SInv)


Message History

You hit the orc warrior but do no damage.
The orc warrior is lightly wounded.
The orc warrior hits you with a +0 hand axe!
You hit the orc warrior but do no damage.
The orc warrior is lightly wounded.
The orc warrior hits you with a +0 hand axe.
You completely miss the orc warrior.
The orc warrior is lightly wounded.
The orc warrior hits you but does no damage.
You closely miss the orc warrior.
The orc warrior is lightly wounded.
The orc warrior hits you with a +0 hand axe!
You barely miss the orc warrior.
The orc warrior is lightly wounded.
The orc warrior hits you with a +0 hand axe!
* * * LOW HITPOINT WARNING * * *
The orc warrior hits you but does no damage.
Space bends around you!
You blink.
The orc warrior hits you with a +0 hand axe!
You die...

##### ##........###.♣.♣.#..
#...###########.......###.....#..
#.......................###+###..
##...........................####
##..........................# #
##..################.......# #
##.## #...>#####.......# ## #..##
#......##........# #. ##..##
##..@o§...#.....## #. ##(.#
##.............# #. #..###
#.#######.....# #.
##...####.#_>...8.#..## #.
##.......#######....# #.
#.................## #.
##.......#..##.#..## #.
#.........###.....## #.
##.......### ####>..## #.


You could see an orc warrior.

Vanquished Creatures
  Pikel (D:4)
  Sigmund (D:4)
  2 ice beasts (D:5)
  An ogre (D:5)
  A centaur (D:5)
  2 howler monkeys
  A crimson imp (D:5)
  A bullfrog zombie (D:5)
  An orc priest (D:2)
  4 orc wizards
  5 worker ants
  Natasha (D:1)
  A hound skeleton (D:5)
  4 gnolls
  A howler monkey skeleton (D:4)
  4 adders
  2 adder skeletons (D:4)
  4 dart slugs
  4 worms
  2 leopard geckos
  10 orcs
  6 bats
  5 giant cockroaches
  8 goblins
  9 hobgoblins
  4 jackals (D:3)
  11 kobolds
  5 quokkas
  7 frilled lizards
  A giant cockroach zombie (D:5)
  A jackal skeleton (D:4)
  11 rats
121 creatures vanquished.

Vanquished Creatures (others)
  3 jackals (D:4)
3 creatures vanquished.

Grand Total: 124 creatures vanquished

Notes
Turn   | Place    | Note
-------+----------+-------------------------------------------
     0 | Abyss:1  | Foic the Formicid Abyssal Knight began the quest for the
                  | Orb.
     0 | Abyss:1  | Reached XP level 1. HP: 18/18 MP: 2/2
     2 | Abyss:1  | Found a corrupted altar of Lugonu.
    81 | D:1      | Escaped the Abyss
   233 | D:1      | Reached XP level 2. HP: 25/25 MP: 3/3
   359 | D:1      | Reached skill level 4 in Fighting
   606 | D:1      | Reached XP level 3. HP: 28/30 MP: 4/4
   868 | D:1      | Reached * piety under Lugonu
  1100 | D:2      | Noticed Natasha
  1112 | D:1      | Killed Natasha
  1112 | D:1      | Reached skill level 1 in Dodging
  1112 | D:1      | Reached XP level 4. HP: 22/38 MP: 5/5
  1855 | D:2      | Reached XP level 5. HP: 26/43 MP: 6/6
  2428 | D:2      | Reached skill level 5 in Fighting
  2747 | D:3      | Found a glowing golden altar of the Shining One.
  2975 | D:2      | Reached ** piety under Lugonu
  2983 | D:2      | Reached XP level 6. HP: 33/51 MP: 7/7
  3384 | D:3      | Found a radiant altar of Vehumet.
  3390 | D:3      | Found a stormy altar of Qazlal.
  3816 | D:4      | Found a faded altar of an unknown god.
  3818 | D:4      | Found a staircase to the Ecumenical Temple.
  4205 | D:4      | Noticed Sigmund
  4229 | D:4      | Killed Sigmund
  4229 | D:4      | Reached XP level 7. HP: 39/57 MP: 8/8
  4523 | D:4      | Reached skill level 6 in Fighting
  4741 | D:4      | Noticed Pikel
  4795 | D:4      | Killed Pikel
  4795 | D:4      | Reached XP level 8. HP: 65/65 MP: 9/9
  5067 | D:4      | Found a burning altar of Makhleb.
  5067 | D:4      | Noticed a cacodemon
  5343 | Temple   | Entered the Ecumenical Temple
  5429 | D:5      | Entered Level 5 of the Dungeon
  5454 | D:5      | Found a snail-covered altar of Cheibriados.
  5455 | D:5      | Found a glowing silver altar of Zin.
  5455 | D:5      | Found a white marble altar of Elyvilon.
  5600 | D:5      | Reached skill level 7 in Fighting
  5704 | D:5      | Reached skill level 5 in Armour
  6053 | D:5      | Reached XP level 9. HP: 49/72 MP: 10/10
  6173 | D:5      | Found a hazy altar of Hepliaklqana.
  6313 | D:5      | Reached skill level 1 in Slings
  6676 | D:5      | Found Kimanuh's Antique Weapon Shoppe.
  7102 | D:5      | Slain by an orc warrior

Skill      XL: |  1  2  3  4  5  6  7  8  9 |
---------------+----------------------------+-----
Fighting       | 4 5 6 7 |  7.7
Dodging        | 1 2 |  2.4
Armour         | 3 4 5 |  5.6
Axes           | 3 4 6 |  6.9
Slings         | 1 |  1.0
Stealth        | |  0.6
Invocations    | |  2.5

Action                   |  1- 3 |  4- 6 |  7- 9 || total
-------------------------+-------+-------+-------++-------
Melee: Hand axe          |    90 |   271 |   245 ||   606
 Fire: Hunting sling     |       |       |     3 ||     3
Invok: Depart the Abyss  |     1 |       |       ||     1
       Bend Space        |       |       |     1 ||     1
  Use: Potion            |     1 |       |     4 ||     5
       Scroll            |       |     4 |     1 ||     5
  Eat: Chunk             |     1 |     9 |    10 ||    20
Armor: Scale mail        |    35 |    88 |       ||   123
       Chain mail        |       |    51 |   112 ||   163
       Skin              |       |       |    12 ||    12
Dodge: Dodged            |    45 |   124 |    87 ||   256
